 Dungeon Crawl Stone Soup version 0.19-a0-1111-gcceb26a (webtiles) character file.

333 4thArraOfDagon the Ruffian (level 6, -7/54 HPs)
             Began as a Troll Arcane Marksman on Aug 10, 2016.
             Killed from afar by an orc wizard (10 damage)
             ... with a magic dart
             ... on level 6 of the Dungeon.
             The game lasted 00:03:24 (572 turns).

4thArraOfDagon the Ruffian (Troll Arcane Marksman)   Turns: 572, Time: 00:03:25

Health: -7/54      AC:  5    Str: 20    XL:     6   Next: 27%
Magic:  6/6        EV: 10    Int: 14    God:
Gold:   27         SH:  0    Dex:  9    Spells: 1 memorised, 6 levels left

rFire  . . .     SeeInvis .       - Unarmed
rCold  . . .     Gourm    +     a - +0 robe
rNeg   . . .     Faith    .     (no shield)
rPois  .         Spirit   .     (helmet restricted)
rElec  .         Dismiss  .     (no cloak)
rCorr  .         Reflect  .     (gloves unavailable)
SustAt .         Harm     .     (boots unavailable)
MR     .....                    (no amulet)
Stlth  +.........               (no ring)
                                h - +3 ring of intelligence

@: about to teleport, slowed, very slow
A: unfitting armour, claws 3, fast metabolism 3, gourmand, regeneration 2,
shaggy fur 1, tough skin 2
a: no special abilities


You were on level 6 of the Dungeon.
You were very full.

You visited 1 branch of the dungeon, and saw 6 of its levels.

You collected 27 gold pieces.

Inventory:

Missiles
 c - 3 large rocks (quivered)
 d - 2 throwing nets
Armour
 a - a +0 robe (worn)
Jewellery
 h - a +3 ring of intelligence (left claw)
Scrolls
 g - 2 scrolls of identify
Books
 b - a book of Debilitation

   Spells                             Type                      Level
   a - Corona                         Hexes                        1
   b - Slow                           Hexes                        2
   c - Gell's Gravitas                Hexes/Translocation          3
   d - Inner Flame                    Hexes/Fire                   3
   e - Cause Fear                     Hexes                        4
   f - Leda's Liquefaction            Hexes/Earth                  4
Comestibles
 f - 5 bread rations
 i - a meat ration


   Skills:
 - Level 0.7 Fighting
 - Level 1.7 Throwing
 - Level 1.5 Dodging
 * Level 6.3 Unarmed Combat
 - Level 1.0 Spellcasting
 - Level 2.0 Hexes


You had 6 spell levels left.
You knew the following spells:

 Your Spells              Type           Power        Failure   Level  Hunger
a - Corona                Hex            #......      14%         1    ##.....


Dungeon Overview and Level Annotations

Branches:
Dungeon (6/15)
 Temple: D:4-7

Altars:

Annotations:
D:4 Edmund


Innate Abilities, Weirdness & Mutations

You are too large for most types of armour.
You have claws for hands.
Your metabolism is lightning-fast.
You like to eat raw meat.
You heal very quickly.
You are covered in fur. (AC +1)
You have very tough skin. (AC +2)


Message History

The orc wizard points at you and mumbles some strange words.
The magic dart hits you!
* * * LOW HITPOINT WARNING * * *
The orc wizard barely misses you.
The orc wizard hits you but does no damage.
Unknown command.
You scratch the orc priest.
The orc priest is lightly wounded.
The orc wizard hits you but does no damage.
The orc priest casts a cantrip, but nothing happens.
The orc wizard gestures at you while chanting.
The magic dart hits you!
* * * LOW HITPOINT WARNING * * *
The orc priest misses you.
Unknown command.
As you read the scroll of teleportation, it crumbles to dust.
You feel strangely unstable. The orc wizard casts a spell at you.
The magic dart hits you!
You die...

##....#..###
##...##...#
#####..#...#
#o.####...#
##.## #..
##..# #
#..##
#####o###
##.....@.#
#......o.#
##........#
#........(#
#.........#
#.........#
#........##
#........#
#........#


You could see an orc priest and an orc wizard.

Vanquished Creatures
  An ice beast (D:6)
  A howler monkey (D:4)
  A hound (D:4)
  An iguana (D:4)
  4 worker ants
  3 adders
  2 shadow imps (D:5)
  A giant cockroach (D:5)
  A kobold (D:3)
  A bat (D:3)
  2 giant newts (D:2)
  A jackal skeleton (D:5)
  3 rats (D:2)
22 creatures vanquished.

Notes
Turn   | Place    | Note
-------+----------+-------------------------------------------
     0 | D:1      | 4thArraOfDagon the Troll Arcane Marksman began the quest for the Orb.
     0 | D:1      | Reached XP level 1. HP: 18/18 MP: 1/1
    63 | D:2      | Reached skill level 1 in Unarmed Combat
    63 | D:2      | Reached XP level 2. HP: 4/26 MP: 2/2
   127 | D:2      | Reached skill level 2 in Unarmed Combat
   195 | D:4      | Noticed a howler monkey
   202 | D:4      | Reached skill level 3 in Unarmed Combat
   202 | D:4      | Reached XP level 3. HP: 23/32 MP: 3/3
   207 | D:4      | Reached XP level 4. HP: 28/40 MP: 4/4
   217 | D:4      | Reached skill level 4 in Unarmed Combat
   230 | D:4      | Noticed Edmund
   265 | D:4      | Noticed an ogre
   336 | D:5      | Entered Level 5 of the Dungeon
   341 | D:5      | Reached XP level 5. HP: 34/46 MP: 5/5
   405 | D:5      | Reached skill level 5 in Unarmed Combat
   536 | D:6      | Noticed an ice beast
   549 | D:6      | Killed an ice beast
   549 | D:6      | Reached skill level 6 in Unarmed Combat
   549 | D:6      | Reached XP level 6. HP: 25/54 MP: 6/6
   571 | D:6      | HP: 2/54 [orc wizard/magic dart (2)]
   572 | D:6      | Killed from afar by an orc wizard

Vault maps used:
D:1:      dpeg_arrival_fog, minmay_pentomino_z2
D:2:      elyvilon_altar_3, corexii_item_surrounded_by_moat, minivault_11
D:3:      first_bread, minmay_cut_off
D:4:      serial_glass, glass_columns_a, glass_columns_b, uniq_blork_the_orc,
          uniq_edmund, uniq_natasha
D:5:      eat_drink_and_be_merry_uskayaw, st_stairs_9, uniq_sigmund
D:6:      uniq_eustachio

Skill      XL: |  1  2  3  4  5 |
---------------+----------------+-----
Unarmed Combat | 1 3 4 6 |  6.3
Fighting       | |  0.7
Throwing       | |  1.7
Dodging        | |  1.5
Spellcasting   | |  1.0
Hexes          | |  2.0

Action                   |  1- 3 |  4- 6 || total
-------------------------+-------+-------++-------
Melee: Unarmed           |    39 |    58 ||    97
       Punch             |       |     2 ||     2
Throw: Throwing net      |       |     4 ||     4
       Large rock        |       |     2 ||     2
  Use: Potion            |     1 |       ||     1
       Scroll            |       |     5 ||     5
  Eat: Chunk             |     3 |     7 ||    10
Armor: Robe              |    14 |    15 ||    29
Dodge: Dodged            |    26 |    29 ||    55
